Myra, chaotic female elven Wizard * .-.-.- * ----------- .-..... $ ---------- |.......}..#######----- |X.....######)##%#### |.........| |........}| #|...| #-.@...| # #..........| |........}| #.._.| ###|.....| ########[############|.........| |....(...}| ##....| # |>...-- #-------##`## ######*..........| -------|--- #*|....%## --.-.- |.....|### -.--------- # #*#*----- # # |......### ## # # ##` #*# |.....|##### # ## ### # #*## # ### |.....|##### # ------.-- # ###*##**# # |..<..|# #### # $ |.......-## * ######## `|.....|# #### # |.......| #-----.-# -------# ####----|---- |.......-##################`|.....|############## `###.^......| --------- |..%.[-# # |....*..| * |.....| * ##........| $ $ * ------- $ $ --------- * $ Myra the Magician Experience level: 12 Strength: 17 Dexterity: 16 Constitution: 15 Intelligence: 21 Wisdom: 16 Charisma: 9 Health: 0(79) Energy: 174(182) Def: 4 Gold: 362 Moves: 20342 Dungeon seed: lCrvrUIKFD1EgeHe Game ID: Myra_1564111291 Your Inventory: Coins $ - 362 gold pieces Amulets y - an uncursed amulet of reflection (being worn) Weapons k - an uncursed +3 crysknife named Vladsbane B - a blessed +4 knife named Righteous Knife (alternate weapon; not wielded) S - the uncursed +0 Frost Brand Armor e - an uncursed fireproof +0 cloak of magic resistance (being worn) n - a blessed rustproof +1 helm of brilliance q - a blessed fireproof +3 pair of speed boots r - an uncursed +0 mummy wrapping z - an uncursed +0 pair of leather gloves N - an uncursed +0 cornuthaum P - an uncursed +0 cloak of displacement Comestibles K - an uncursed lump of royal jelly O - an uncursed melon U - an uncursed lizard corpse Scrolls A - a blessed scroll of teleportation W - an uncursed scroll of fire Z - an uncursed scroll of teleportation Rings b - an uncursed ring of free action d - an uncursed ring of polymorph j - an uncursed ring of invisibility m - a blessed rustproof ring of levitation u - an uncursed +1 ring of increase damage (on right hand) D - an uncursed ring of warning (on left hand) F - an uncursed ring of fire resistance V - an uncursed ring of sustain ability X - an uncursed ring of poison resistance Wands f - a cursed wand of cold (0:6) i - an uncursed wand of undead turning (0:5) o - an uncursed wand of cancellation (0:4) p - an uncursed wand of cancellation (0:5) s - an uncursed wand of fire (0:8) t - an uncursed wand of teleportation (0:4) x - an uncursed wand of secret door detection (0:10) C - an uncursed wand of fire (0:6) J - an uncursed wand of striking (0:6) M - an uncursed wand of magic missile (0:2) Tools h - an uncursed oil lamp (0:1084) v - an uncursed skeleton key E - an uncursed +0 pick-axe (weapon in hand) G - an uncursed oilskin sack H - an uncursed blindfold Gems a - an uncursed chrysoberyl c - an uncursed luckstone L - an uncursed sapphire R - 9 uncursed garnets T - 4 uncursed amethysts Y - 8 uncursed rubies Contents of the oilskin sack: 2 blessed scrolls of blank paper 2 uncursed scrolls of blank paper an uncursed scroll of earth an uncursed scroll of fire 2 uncursed scrolls of light 2 uncursed scrolls of scare monster an uncursed scroll of taming 3 uncursed scrolls of teleportation an uncursed spellbook of knock an uncursed spellbook of light an uncursed spellbook of magic missile an uncursed spellbook of restore ability an uncursed potion of invisibility Spells and supernatural/magical abilities: Name Level Category Fail Memory a - force bolt 1* attack 0% 0% f - fireball 4 attack 0% 17% k - knock 1 matter 0% 80% l - light 1 divination 0% 59% m - magic missile 2 attack 0% 9% z - sleep 2* enchantment 0% 0% I - identify 3* divination 0% 0% K - cure sickness 3 healing 0% 6% R - restore ability 4 healing 23% 80% W - pray for help -- divine ? -- Your skills at the end: Miscellaneous Skills wands [Skilled] stealth [Expert] Weapon Skills dagger [Basic] club [Basic] quarterstaff [Basic] Spellcasting Skills attack spells [Skilled] healing spells [Basic] divination spells [Skilled] enchantment spells [Basic] Final Attributes: You were devoutly aligned. You were fire resistant. You were sleep resistant. You were magic-protected. You were confused. You saw invisible. You were telepathic. You were warned. You had infravision. You were very stealthy. You had a +1 damage bonus. You were protected. You had reflection. You were extremely lucky. You had extra luck. Bad luck did not time out for you. Good luck did not time out for you. You are dead (36th time!). Vanquished creatures: 2 elder red dragons a red dragon a stone golem 11 baby red dragons a guardian naga an aligned priest a lich a nurse a ghost a queen bee 2 mind flayers 3 giant mimics a fire giant 2 ice trolls a rock troll a doppelganger 2 large mimics a wumpus a long worm 4 couatls 3 stalkers an air elemental an earth elemental a water elemental a giant mummy a black naga 3 xorns 2 giant zombies 2 water demons a warg a quantum mechanic 4 small mimics 2 glass piercers a warhorse 3 xans an ettin mummy 10 trolls a wood golem 2 large dogs a freezing sphere a flaming sphere 2 large cats 2 gargoyles 4 dwarf kings 2 tengu 2 gelatinous cubes a crocodile a leocrotta an energy vortex 2 mountain centaurs 3 giants an elf mummy a human mummy a pit viper 3 pythons a cobra a wraith an ettin zombie 3 leather golems 3 soldiers a giant beetle 2 cockatrices 2 wolves a black light a lynx 3 panthers 2 gremlins 18 leprechauns 3 quivering blobs a spotted jelly 6 lizards 2 mountain nymphs 5 orc-captains 3 mumakil 3 giant spiders an iron piercer 2 horses an ice vortex 12 vampire bats 2 forest centaurs 6 gnome kings an orc mummy a dwarf mummy 3 ogres 3 brown puddings an owlbear 3 yetis 2 gold golems a werewolf 2 piranhas an apprentice a chickatrice 3 dogs 3 dingos a housecat a dwarf lord 2 blue jellies 3 water nymphs a dust vortex 2 ravens 2 plains centaurs 4 snakes 8 water moccasins 8 apes 2 human zombies 3 rope golems a soldier ant 5 fire ants a yellow light 7 bugbears an imp a wood nymph 11 Mordor orcs 6 Uruk-hai an orc shaman 2 rock piercers 5 ponies 2 fog clouds 2 shriekers a violet fungus 23 gnome lords 11 gnomish wizards 2 kobold mummies a red naga hatchling a black naga hatchling 3 guardian naga hatchlings 5 gray oozes 2 barrow wights a ghoul a straw golem a paper golem 4 giant ants 2 puppies 6 floating eyes 3 kittens 21 dwarves a homunculus 2 kobold lords 10 iguanas 12 hill orcs 8 rothes 3 rabid rats 2 centipedes 3 jitterbugs 3 giant bats 4 monkeys 2 orc zombies 4 dwarf zombies a werejackal 36 killer bees 2 coyotes a gas spore 13 hobbits 15 acid blobs a large kobold 7 geckos 15 hobgoblins 10 giant rats 3 cave spiders 4 brown molds 2 yellow molds 2 red molds 75 gnomes a garter snake 36 manes 4 gnome zombies 8 jackals 5 foxes 5 kobolds 12 newts 6 goblins 8 sewer rats 8 grid bugs a bat 4 lichens 5 kobold zombies 733 creatures vanquished. Genocided species: xorns 1 species genocided. Voluntary challenges: You did not cause conflict. You were not invisible. You were not displaced. You had been an atheist until turn 7672. You used a wielded weapon 527 times, starting on turn 384. You did not apply a unicorn horn. You did not use sinks. You read items or engraved 71 times, starting on turn 8. You genocided 1 type of monster, starting on turn 14505. You never polymorphed an object. You never changed form. You cheated 5 times but completed Sokoban on turn 10950. You used 4 wishes, starting on turn 4. You did not wish for any artifacts. You split 1 pudding, starting on turn 10214. You never wrote Elbereth's name. You violated your moral code, losing 15 points of alignment, starting on turn 3713. Dungeon overview: The Dungeons of Doom: levels 1 to 21 Level 1 a long staircase Level 2 a general store stairs to The Gnomish Mines Level 3 a general store Level 4 Level 5 a general store Level 6 many fountains Level 7 a fountain, a sink stairs to Sokoban Level 8 an armor shop, a fountain Level 9 an altar to Anhur Level 10 Level 11 Level 12 a temple to Ptah Level 13 portal to The Quest Level 14 Level 15 a fountain Level 16 a sink Level 17 some altars to Thoth and Anhur Level 18 Level 19 Level 20 <- You were here a temple to Anhur Level 21 The Gnomish Mines: levels 3 to 11 Level 3 stairs to The Dungeons of Doom Level 4 Level 5 Level 6 many shops, some altars to Ptah and Thoth, a magic chest, some fountains, some trees Level 7 Level 8 Level 9 Level 10 Level 11 The Quest: Level 1 a magic chest portal to The Dungeons of Doom Sokoban: levels 3 to 6 Level 3 a magic chest Level 4 Level 5 Level 6 a magic chest stairs to The Dungeons of Doom History has recorded: On T:1 you entered the Dungeons of Doom to retrieve the Amulet of Yendor! On T:4 you wished for "blessed fixed +2 helm of brilliance". On T:7 you wished for "blessed spellbook of identify". On T:20 you wished for "5 blessed potion of gain level". On T:21 you advanced to experience level 2. On T:22 you wished for "blessed fireproof +2 boots of speed". On T:409 you advanced to experience level 3. On T:544 you reached level 2 of The Dungeons of Doom. On T:883 you reached level 1 of The Gnomish Mines. On T:958 you advanced to experience level 4. On T:987 you advanced to experience level 5. On T:1162 you reached level 2 of The Gnomish Mines. On T:1237 you reached level 3 of The Gnomish Mines. On T:1279 you advanced to experience level 6. On T:1723 you reached level 4 of The Gnomish Mines. On T:1757 you were saved from death by your wizard powers! On T:1807 you advanced to experience level 7. On T:2026 you entered the Minetown temple On T:2038 you opened a magic chest. On T:2344 you reached level 5 of The Gnomish Mines. On T:2382 you were saved from death by your wizard powers! On T:2489 you were saved from death by your wizard powers! On T:2887 you reached level 6 of The Gnomish Mines. On T:2894 you advanced to experience level 8. On T:3032 you were saved from death by your wizard powers! On T:3156 you were saved from death by your wizard powers! On T:3429 you reached level 7 of The Gnomish Mines. On T:3678 you reached level 8 of The Gnomish Mines. On T:3719 you were saved from death by your wizard powers! On T:3729 you were saved from death by your wizard powers! On T:3955 you reached level 9 of The Gnomish Mines. On T:3955 you reached the bottom of the Mines. On T:3971 you advanced to experience level 9. On T:4056 you were saved from death by your amulet of life saving! On T:4221 you were saved from death by your wizard powers! On T:5241 you reached level 3 of The Dungeons of Doom. On T:6581 you were saved from death by your wizard powers! On T:7175 you were saved from death by your wizard powers! On T:7519 you reached level 4 of The Dungeons of Doom. On T:7672 you prayed to Anhur. On T:8542 you reached level 5 of The Dungeons of Doom. On T:8605 you were saved from death by your wizard powers! On T:9015 you reached level 6 of The Dungeons of Doom. On T:9069 you were saved from death by your wizard powers! On T:9073 you were saved from death by your wizard powers! On T:9131 you received advice from The Oracle. On T:9131 you advanced to experience level 10. On T:9132 you received advice from The Oracle. On T:9217 you reached level 7 of The Dungeons of Doom. On T:9236 you reached level 4 of Sokoban. On T:9542 you reached level 3 of Sokoban. On T:9765 you were saved from death by your wizard powers! On T:9774 you reached level 2 of Sokoban. On T:10208 you reached level 1 of Sokoban. On T:10950 you entered the Sokoban zoo. On T:11627 you reached level 8 of The Dungeons of Doom. On T:12036 you reached level 9 of The Dungeons of Doom. On T:12537 you were saved from death by your wizard powers! On T:12542 you received an iron ring from Anhur. On T:12559 you were saved from death by your wizard powers! On T:12573 you were saved from death by your wizard powers! On T:12589 you were saved from death by your wizard powers! On T:12666 you were saved from death by your wizard powers! On T:12709 you reached level 10 of The Dungeons of Doom. On T:13033 you reached level 11 of The Dungeons of Doom. On T:13400 you were saved from death by your wizard powers! On T:13405 you reached level 12 of The Dungeons of Doom. On T:13483 you advanced to experience level 11. On T:13650 you reached level 13 of The Dungeons of Doom. On T:13753 you were saved from death by your wizard powers! On T:13954 you reached level 1 of The Quest. On T:13961 you advanced to experience level 12. On T:13969 you were saved from death by your wizard powers! On T:13973 you were saved from death by your wizard powers! On T:14373 you reached level 14 of The Dungeons of Doom. On T:14789 you reached level 15 of The Dungeons of Doom. On T:14972 you were saved from death by your wizard powers! On T:15031 you were saved from death by your wizard powers! On T:15192 you reached level 16 of The Dungeons of Doom. On T:15616 you reached level 17 of The Dungeons of Doom. On T:15699 you were saved from death by your wizard powers! On T:16123 you were saved from death by your wizard powers! On T:16158 you were saved from death by your wizard powers! On T:16159 you were saved from death by your wizard powers! On T:16161 you were saved from death by your wizard powers! On T:16164 you were saved from death by your wizard powers! On T:17283 you reached level 18 of The Dungeons of Doom. On T:17283 you entered the Rogue tribute level. On T:17779 you reached level 19 of The Dungeons of Doom. On T:17917 you were saved from death by your wizard powers! On T:17921 you were saved from death by your wizard powers! On T:19107 you reached level 20 of The Dungeons of Doom. On T:19277 you were saved from death by your wizard powers! On T:19622 you reached level 21 of The Dungeons of Doom. On T:20158 you prayed to Anhur. Score breakdown: Gold: 362 ( 36 points) Experience: 12 levels ( 1100 points) Exploration: 21 levels ( 600 points) Discoveries: 123 items ( 2000 points) Variety of kills: 176 monsters ( 2000 points) Major goal: Sokoban/Mines ( 1500 points) Survival: died (score multiplied by 3) Total score: 21708 Latest messages: The magic missile hits the umber hulk! The magic missile bounces! The magic missile hits the umber hulk! The magic missile hits you! But it reflects from your medallion! The umber hulk claws you! (2x) The umber hulk bites! The umber hulk's gaze confuses you! You fail to cast the spell correctly. You fail to cast the spell correctly. The umber hulk claws you! (2x) The umber hulk bites! You miss the umber hulk. You hit the umber hulk. The umber hulk claws you! You die... Final status: Goodbye Myra the Wizard, killed by an umber hulk... You died in The Dungeons of Doom on dungeon level 20 with 21708 points, and 362 pieces of gold, after 20342 moves. You were level 12 with a maximum of 79 hit points when you died.